 Dungeon Crawl Stone Soup version 0.17.0-25-gefc9c12 (webtiles) character file.

232 Raultor the Insei (level 6, 0/39 HPs)
             Began as an Octopode Transmuter on Nov 18, 2015.
             Slain by a white imp (5 damage)
             ... summoned by Natasha
             ... on level 3 of the Dungeon.
             The game lasted 00:11:44 (3895 turns).

Raultor the Insei (Octopode Transmuter)             Turns: 3895, Time: 00:11:44

Health: 0/39       AC:  1    Str: 10    XL:     6   Next: 4%
Magic:  9/9        EV: 13    Int: 16    God:
Gold:   188        SH:  0    Dex: 13    Spells: 2 memorised, 4 levels left

rFire  . . .     SeeInvis .       - Unarmed
rCold  . . .     Clarity  .     (no shield)
rNeg   + . .     SustAt   .     (helmet restricted)
rPois  .         Gourm    .     (no amulet)
rElec  .         Spirit   .     g - ring of positive energy
rCorr  .         Warding  .     l - ring of stealth
rMut   .         Stasis   .     (no ring)
MR     +....                    (no ring)
Stlth  +++.......               (no ring)
                                (no ring)
                                (no ring)
                                (no ring)

@: lethally poisoned (0 -> -4), somewhat resistant to hostile enchantments,
fairly stealthy
A: almost no armour, amphibious, 8 rings, constrict 8, tentacle spike 1,
camouflage 1, magic resistance 1, gelatinous body 1
a: no special abilities


You were on level 3 of the Dungeon.
You were not hungry.

You visited 1 branch of the dungeon, and saw 3 of its levels.

You collected 188 gold pieces.

Inventory:

Missiles
 a - 83 arrows
 k - 14 poisoned needles
 n - 4 javelins
 v - 3 tomahawks (quivered)
Jewellery
 g - a ring of positive energy (left tentacle)
 l - a ring of stealth (right tentacle)
Wands
 t - a wand of confusion (48)
Scrolls
 e - a scroll of identify
 f - 2 scrolls of random uselessness
 h - 3 scrolls of remove curse
 j - a scroll of enchant armour {unknown}
 r - a scroll of magic mapping {unknown}
Potions
 o - a potion of poison
 s - a potion of resistance {unknown}
Books
 b - a book of Changes

   Spells                             Type                      Level
   a - Beastly Appendage              Transmutation                1
   b - Sticks to Snakes               Transmutation                2
   c - Spider Form                    Transmutation/Poison         3
   d - Ice Form                       Ice/Transmutation            4
   e - Blade Hands                    Transmutation                5
 u - a book of the Dragon

   Spells                             Type                      Level
   a - Flame Tongue                   Conjuration/Fire             1
   b - Cause Fear                     Hexes                        4
   c - Bolt of Fire                   Conjuration/Fire             6
   d - Dragon Form                    Transmutation                7
   e - Dragon's Call                  Summoning                    9
Comestibles
 c - 4 bread rations
 d - 6 chunks of flesh
 i - 3 fruits
 q - 2 meat rations


   Skills:
 + Level 1.9 Fighting
 + Level 3.1 Dodging
 + Level 4.1 Unarmed Combat
 - Level 2.0 Spellcasting
 * Level 3.1 Transmutations
 * Level 2.6 Ice Magic
 + Level 0.2 Evocations


You had 4 spell levels left.
You knew the following spells:

 Your Spells              Type           Power        Failure   Level  Hunger
a - Beastly Appendage     Trmt           ##....       8%          1    #......
b - Ice Form              Ice/Trmt       ##......     75%         4    #####..


Dungeon Overview and Level Annotations

Branches:
Dungeon (3/15)

Altars:
Gozag

Annotations:
D:3 Natasha


Innate Abilities, Weirdness & Mutations

You cannot wear most types of armour.
You are amphibious.
You can wear up to eight rings at the same time.
You can use your tentacles to constrict eight enemies at once.
Your skin changes colour to match your surroundings (Stealth).
Your rubbery body absorbs attacks (AC +1).
One of your tentacles bears a spike.
You are resistant to hostile enchantments.


Message History

You constrict the white imp, but do no damage.
You feel sick. The white imp gestures at you. The puff of frost hits you!
* * * LOW HITPOINT WARNING * * *
You tentacle-slap the white imp.
The white imp is heavily wounded.
You constrict the white imp.
You feel sick. The white imp gestures at you. The puff of frost hits you!
* * * LOW HITPOINT WARNING * * *
Natasha hisses.
You tentacle-slap the white imp but do no damage.
You pierce the white imp, but do no damage.
The white imp is severely wounded.
You constrict the white imp, but do no damage.
The white imp hits you.
* * * LOW HITPOINT WARNING * * *
The white imp freezes you.
You die...

####.#.# ##......## # #....#.#
#........# # #..#.#.####......##
#######..#....#.......##
........<##.#.....#..##
.)..(.((.##....#.##..#
.........#.......#####
........#...##..##### ###
#....##...#.###.@5oh##### ###...
#.##.#....#.# #####o.(..####...##
#.##.#.##.#.########.........##..
..##...#.......#...#.####.##....#
####..#........#.....####....####
####.##.##.....#..h##...##..##
.....#..##.....#.o..#...##..#####
####...###.....#.<..#......#.....
#...## #.....#....#....#.......


You could see an orc priest, Natasha, a white imp and an orc.

Vanquished Creatures
  An orc wizard (D:3)
  Terence (D:2)
  Natasha (twice) (D:3)
  Robin (D:1)
  4 adders
  4 worms
  8 orcs (D:3)
  8 bats
  12 hobgoblins
  A quokka (D:3)
  A ball python (D:2)
  4 giant geckos
  3 giant newts
  15 goblins
  10 jackals
  6 kobolds
  7 rats
88 creatures vanquished.

Notes
Turn   | Place    | Note
--------------------------------------------------------------
     0 | D:1      | Raultor the Octopode Transmuter began the quest for the Orb.
     0 | D:1      | Reached XP level 1. HP: 13/13 MP: 3/3
   259 | D:1      | Reached XP level 2. HP: 8/18 MP: 5/5
  1023 | D:2      | Reached XP level 3. HP: 23/23 MP: 6/6
  1248 | D:2      | Noticed Terence
  1260 | D:2      | Killed Terence
  1260 | D:2      | Reached XP level 4. HP: 15/28 MP: 7/7
  1287 | D:2      | Reached skill level 4 in Unarmed Combat
  1601 | D:2      | Noticed Robin
  2043 | D:1      | Killed Robin
  2267 | D:2      | Learned a level 4 spell: Ice Form
  2540 | D:2      | Reached XP level 5. HP: 11/34 MP: 8/8
  2719 | D:2      | Reached skill level 1 in Ice Magic
  2961 | D:3      | Noticed Natasha
  2965 | D:3      | Killed Natasha
  3229 | D:3      | Found an opulent altar of Gozag.
  3261 | D:3      | Noticed Natasha
  3371 | D:3      | Killed Natasha
  3425 | D:3      | HP: 1/34 [bat (1)]
  3848 | D:3      | Reached XP level 6. HP: 32/39 MP: 9/9
  3876 | D:3      | Noticed Natasha
  3882 | D:3      | Gained mutation: One of your tentacles bears a spike. [potion of mutation]
  3882 | D:3      | Gained mutation: You are resistant to hostile enchantments. [potion of mutation]
  3895 | D:3      | Slain by a white imp

Action                   |  1- 3 |  4- 6 || total
-------------------------+-------+-------++-------
Melee: Unarmed           |    67 |   143 ||   210
Throw: Tomahawk          |       |     3 ||     3
       Javelin           |       |     2 ||     2
  Use: Potion            |       |     6 ||     6
       Scroll            |       |     3 ||     3
 Stab: Sleeping          |     2 |     4 ||     6
       Distracted        |     1 |       ||     1
  Eat: Chunk             |     1 |     8 ||     9
